 Dungeon Crawl Stone Soup version 0.18.1-1-g2f07953 (webtiles) character file.

690 Ptimou the Transmogrifier (level 7, -4/52 HPs)
             Began as a Human Transmuter on May 7, 2016.
             Was an Initiate of Pakellas.
             Killed by miscasting Ice Form (8 damage)
             ... on level 5 of the Dungeon.
             The game lasted 00:53:10 (3562 turns).

Ptimou the Transmogrifier (Human Transmuter)        Turns: 3562, Time: 00:53:11

Health: -4/52      AC: -10   Str: 11    XL:     7   Next: 95%
Magic:  11/25      EV: 22    Int: 14    God:    Pakellas [......]
Gold:   172        SH:  0    Dex: 19    Spells: 5 memorised, 3 levels left

rFire  . . .     SeeInvis .       - Unarmed
rCold  . . .     Gourm    .     (armour currently unavailable)
rNeg   . . .     Faith    .     (shield currently unavailable)
rPois  .         Spirit   .     (helmet currently unavailable)
rElec  .         Dismiss  .     (cloak currently unavailable)
rCorr  .         Reflect  .     (gloves currently unavailable)
SustAt .         Harm     .     (boots currently unavailable)
MR     +....                    (no amulet)
Stlth  +++.......               b - ring of poison resistance
                                i - ring of magical power

@: spider-form, corroded, very slightly contaminated, somewhat resistant to
hostile enchantments, fairly stealthy
A: (hooves 0), magic resistance 1, wild magic 1
a: End Transformation, Renounce Religion


You were on level 5 of the Dungeon.
You worshipped Pakellas.
Pakellas was noncommittal.
You were not hungry.
You were a venomous arachnid creature.
You visited 1 branch of the dungeon, and saw 5 of its levels.

You collected 172 gold pieces.

Inventory:

Hand Weapons
 e - a +0 whip
 g - a +0 hand axe of freezing (melded)
Missiles
 a - 9 arrows
 o - 14 poisoned needles (quivered)
Armour
 l - a +0 robe
 p - a +0 robe (melded)
 q - a +0 naga barding
Jewellery
 b - a ring of poison resistance (right front leg)
 h - an uncursed amulet of the gourmand
 i - a ring of magical power (left front leg)
Wands
 t - a wand of iceblast (5/15)
Scrolls
 j - 2 scrolls of immolation
 k - a scroll of fear
 m - a scroll of teleportation
 r - 4 scrolls of remove curse
Potions
 u - a potion of cancellation
Books
 c - a book of Changes

   Spells                             Type                      Level
   a - Beastly Appendage              Transmutation                1
   b - Sticks to Snakes               Transmutation                2
   c - Spider Form                    Transmutation/Poison         3
   d - Ice Form                       Ice/Transmutation            4
   e - Blade Hands                    Transmutation                5
 n - a book of the Tempests

   Spells                             Type                      Level
   a - Static Discharge               Conjuration/Air              3
   b - Lightning Bolt                 Conjuration/Air              5
   c - Fireball                       Conjuration/Fire             5
   d - Tornado                        Air                          9
   e - Shatter                        Earth                        9
Comestibles
 d - 2 bread rations
 f - 3 meat rations
 s - 14 fruits


   Skills:
 + Level 3.2 Fighting
 + Level 3.1(3.7) Axes
 + Level 3.1(3.7) Maces & Flails
 + Level 3.0 Throwing
 + Level 3.0 Armour
 + Level 4.0 Dodging
 + Level 3.7 Stealth
 + Level 4.8 Unarmed Combat
 + Level 6.3 Spellcasting
 * Level 8.1 Transmutations
 + Level 0.2 Ice Magic
 + Level 3.4 Poison Magic


You had 3 spell levels left.
You knew the following spells:

 Your Spells              Type           Power        Failure   Level  Hunger
a - Beastly Appendage     Trmt           #####.       8%          1    None
b - Spider Form           Trmt/Pois      ####......   24%         3    ###....
c - Sticks to Snakes      Trmt           #####...     8%          2    #......
d - Ice Form              Ice/Trmt       ###.....     61%         4    ####...
e - Blade Hands           Trmt           #####.....   45%         5    ######.


Dungeon Overview and Level Annotations

Branches:
Dungeon (5/15)
 Temple: D:4-7

Altars:
Ashenzari
Cheibriados
Dithmenos
Fedhas
Nemelex Xobeh
Pakellas
Zin


Innate Abilities, Weirdness & Mutations

((You have large cloven feet.))
You are resistant to hostile enchantments.
Your spells are a little harder to cast, but a little more powerful.


Message History

The spell is very dangerous to cast!
Continue anyway?
Okay, then.
Casting: Spider Form
Confirm with . or Enter, or press ? or * to list all spells.
The spell is very dangerous to cast!
Continue anyway?
Uppercase [Y]es or [N]o only, please.
The spell is very dangerous to cast!
Continue anyway?
You miscast Ice Form.
You are very lightly contaminated with residual magic.
Nothing appears to happen.
Casting: Ice Form
Confirm with . or Enter, or press ? or * to list all spells.
The spell is very dangerous to cast!
Continue anyway?
Okay, then.
Casting: Ice Form
Confirm with . or Enter, or press ? or * to list all spells.
The spell is very dangerous to cast!
Continue anyway?
You miscast Ice Form.
Your body is twisted painfully.
You die...
Pakellas says: Good help is so hard to find these days!

........## #........#.
.........####.........
.......#............# #
.##..####.........#.#.. #.
#............. #
#.............
#.........#... ...
#.........# ####..#
#.s.......##......#
#..................
#####...#..........
############.##...........
##.....#.>.................
##.............##...........
#...............#...........
#...............#.......†...
#...............#........[..


There were no monsters in sight!

Vanquished Creatures
  The ghost of namelastname112 the Conjurer, an amateur DrCj of Vehumet (D:4)
  A water moccasin (D:5)
  A jelly (D:5)
  A hound (D:4)
  2 iguanas (D:4)
  Ijyb (D:2)
  Natasha (thrice) (D:2 D:3)
  7 adders
  An ooze (D:3)
  3 worms
  4 dart slugs
  4 giant geckos
  8 orcs
  5 giant cockroaches
  4 hobgoblins
  2 jackals (D:3)
  5 kobolds
  2 quokkas
  5 bats
  5 giant newts
  7 goblins
  6 rats
78 creatures vanquished.

Vanquished Creatures (collateral kills)
  A goblin (D:3)
1 creature vanquished.

Grand Total: 79 creatures vanquished

Notes
Turn   | Place    | Note
--------------------------------------------------------------
     0 | D:1      | Ptimou the Human Transmuter began the quest for the Orb.
     0 | D:1      | Reached XP level 1. HP: 15/15 MP: 3/3
   366 | D:1      | Reached XP level 2. HP: 15/21 MP: 5/5
   751 | D:1      | Reached XP level 3. HP: 26/26 MP: 6/6
   756 | D:1      | Learned a level 3 spell: Spider Form
   759 | D:1      | Learned a level 2 spell: Sticks to Snakes
  1066 | D:2      | Reached XP level 4. HP: 35/35 MP: 9/9
  1072 | D:2      | Learned a level 4 spell: Ice Form
  1072 | D:2      | Reached skill level 7 in Transmutations
  1072 | D:2      | Reached XP level 5. HP: 41/41 MP: 13/13
  1129 | D:2      | Noticed Natasha
  1140 | D:2      | Killed Natasha
  1203 | D:2      | Noticed Natasha
  1216 | D:2      | Killed Natasha
  1523 | D:3      | Noticed Natasha
  1529 | D:3      | Killed Natasha
  1529 | D:3      | Reached skill level 8 in Transmutations
  1529 | D:3      | Reached XP level 6. HP: 41/47 MP: 15/15
  1678 | D:3      | Gained mutation: You have large cloven feet. [potion of mutation]
  1678 | D:3      | Gained mutation: You are resistant to hostile enchantments. [potion of mutation]
  1678 | D:3      | Gained mutation: Your spells are a little harder to cast, but a little more powerful. [potion of mutation]
  2096 | D:3      | Learned a level 5 spell: Blade Hands
  2371 | D:2      | Noticed Ijyb
  2382 | D:2      | Killed Ijyb
  2800 | D:4      | Found a blossoming altar of Fedhas.
  2914 | D:4      | Reached XP level 7. HP: 39/52 MP: 16/16
  3032 | D:4      | Learned a level 3 spell: Spider Form
  3210 | D:4      | Found a sparkling altar of Nemelex Xobeh.
  3216 | D:4      | Noticed namelastname112's ghost (amateur DrCj)
  3234 | D:4      | Killed namelastname112's ghost
  3259 | D:4      | Found a glowing silver altar of Zin.
  3259 | D:4      | Found a shadowy altar of Dithmenos.
  3259 | D:4      | Found a shattered altar of Ashenzari.
  3275 | D:4      | Found an oddly glowing altar of Pakellas.
  3275 | D:4      | Found a snail-covered altar of Cheibriados.
  3350 | D:4      | Became a worshipper of Pakellas the Inventive
  3451 | D:5      | Entered Level 5 of the Dungeon
  3459 | D:5      | Noticed a water moccasin
  3472 | D:5      | Killed a water moccasin
  3540 | D:5      | HP: 1/52 [acid (8)]
  3562 | D:5      | Killed by miscasting Ice Form

Skill      XL: |  1  2  3  4  5  6 |
---------------+-------------------+-----
Fighting       | 3 |  3.2
Axes           | 3 |  3.1
Maces & Flails | 3 |  3.1
Throwing       | 3 |  3.0
Armour         | 3 |  3.0
Dodging        | 3 4 |  4.0
Stealth        | 3 |  3.7
Unarmed Combat | 4 |  4.8
Spellcasting   | 3 6 |  6.3
Poison Magic   | 3 |  3.4
Transmutations | 7 8 |  8.1
Ice Magic      | |  0.2

Action                   |  1- 3 |  4- 6 |  7- 9 || total
-------------------------+-------+-------+-------++-------
Melee: Unarmed           |    16 |    35 |    29 ||    80
       Whip              |    21 |       |       ||    21
       Headbutt          |     1 |       |       ||     1
       Hand axe          |    19 |   124 |    19 ||   162
       Kick              |     1 |    15 |     6 ||    22
       Punch             |       |     4 |     1 ||     5
 Cast: Beastly Appendage |     4 |       |       ||     4
       Spider Form       |     1 |    35 |    18 ||    54
       Ice Form          |       |     9 |       ||     9
       Blade Hands       |       |     1 |       ||     1
       Sticks to Snakes  |       |     1 |       ||     1
Evoke: Wand              |       |       |     1 ||     1
  Use: Potion            |     3 |     9 |     2 ||    14
       Scroll            |     2 |     6 |     2 ||    10
 Stab: Sleeping          |       |     8 |       ||     8
       Invisible         |       |       |     1 ||     1
  Eat: Meat ration       |     1 |       |       ||     1
       Royal jelly       |       |     2 |       ||     2
       Fruit             |       |     2 |       ||     2
       Beef jerky        |       |     2 |       ||     2
       Bread ration      |       |     1 |       ||     1
Armor: Robe              |     5 |    16 |     2 ||    23
       Skin              |       |       |     1 ||     1
Dodge: Dodged            |    28 |   110 |    32 ||   170
